[Event "Late-Titled-Tuesday-Blitz-January-16-2024"]
[Site "Chess.com"]
[Date "2024.01.16"]
[Round "7"]
[White "dianamirza"]
[Black "Doudou2015"]
[Result "0-1"]
[WhiteElo "2001"]
[BlackElo "2208"]
[TimeControl "180+1"]
[EndTime "15:17:34 PST"]
[Termination "Doudou2015 won by resignation"]

1. d4 d5 2. Nf3 e6 3. e3 c5 4.
b3 cxd4 5. exd4 Nf6 6. Bd3 Bd6 7. O-O h6 8. Bb2 O-O 9. Ne5 Nc6 10. a3 Qc7 11. f4 b6 12. Nd2 Bb7 13. g4 Ne7 14. g5 hxg5 15. fxg5 Ne4 16. Rf4 Ng6 17. Nxe4 dxe4 18.
Rxe4 Bxe4 19. Bxe4 Bxe5 20. dxe5 Rad8 21. Qh5 Qc5+ 22. Kg2 Rd2+ 23. Kh1 Qe3 24. Qf3 Qxg5 25. Rg1 Qh4 26. Rg2 Rfd8 27. Bd3 Rxg2 28. Qxg2 Nf4 29.
Qg3 Qxg3 30. hxg3 Nxd3 31. cxd3 Rxd3 32. Kg1 Rxb3 33. Bc1 Rxg3+ 34. Kf2 Rc3 35. Be3 Rxa3 36. Kf3 Ra2 37. Ke4 b5 38. Bc5 b4 39. Bxb4 Ra4 40.
Kd3 Rxb4 0-1

[Event "Late-Titled-Tuesday-Blitz-January-16-2024"]
[Site "Chess.com"]
[Date "2024.01.16"]
[Round "7"]
[White "AlexLongson"]
[Black "mortngabriel"]
[Result "1-0"]
[WhiteElo "2370"]
[BlackElo "2498"]
[TimeControl "180+1"]
[EndTime "15:17:37 PST"]
[Termination "AlexLongson won on time"]

1. e4 Nc6 2. d4 d6 3. Nf3 Bg4 4. Be3 Nf6 5. Nc3 e6 6. Be2 Be7 7. h3 Bxf3 8. Bxf3 O-O 9. O-O a6 10. Ne2 d5 11. e5 Nd7 12. Nf4 Na5 13. c3 Nc4 14. Bc1 c5 15. Be2 Na5 16. Bd3 cxd4 17.
cxd4 Rc8 18. Qg4 Re8 19. Nh5 g6 20. Nf4 Nf8 21. g3 Qb6 22. Ne2 Nc6 23. a3 Na5 24. b4 Nb3 25. Rb1 Nxc1 26. Rbxc1 a5 27. Rb1 axb4 28.
axb4 Ra8 29. h4 Ra3 30. Rfd1 h5 31. Qf4 Rc8 32. Qh6 Bxb4 33. g4 hxg4 34. h5 Qa5 35. hxg6 fxg6 36. Bxg6 1-0

[Event "Late-Titled-Tuesday-Blitz-January-16-2024"]
[Site "Chess.com"]
[Date "2024.01.16"]
[Round "7"]
[White "Practical-Play"]
[Black "Korchmar_Vasiliy"]
[Result "1-0"]
[WhiteElo "2528"]
[BlackElo "2726"]
[TimeControl "180+1"]
[EndTime "15:17:38 PST"]
[Termination "Practical-Play won on time"]

1. e4 c5 2. c3 d5 3. exd5 Nf6 4. Bb5+ Nbd7 5. d4 Nxd5 6. dxc5 e6 7. b4 Be7 8. Nf3 Bf6 9. Qc2 Nxb4 10. cxb4 Bxa1 11.
O-O O-O 12. Rd1 Qe7 13. Bf4 e5 14. Bg3 a5 15. Nbd2 Bd4 16. Nxd4 exd4 17. Bd6 Qf6 18. Bxf8 Nxf8 19. bxa5 Rxa5 20. a4 Bf5 21. Qb2 Ra8 22. Nf3 Ne6 23. Bc4 Nxc5 24. Qxd4 Nxa4 25. Ne5 Be6 26. Bxe6 fxe6 27. h3 h6 28. Rb1 Rd8 29. Qe3 Rd5 30. f4 Nc5 31. Rb5 Rd1+ 32. Kh2 b6 33.
Rxb6 Qe7 34. Rb8+ Kh7 35. Rc8 1-0

[Event "Late-Titled-Tuesday-Blitz-January-16-2024"]
[Site "Chess.com"]
[Date "2024.01.16"]
[Round "7"]
[White "mishanick"]
[Black "Hikaru"]
[Result "1-0"]
[WhiteElo "3109"]
[BlackElo "3223"]
[TimeControl "180+1"]
[EndTime "15:17:40 PST"]
[Termination "mishanick won by resignation"]

1. d4 Nf6 2. c4 b6 3. Nc3 Bb7 4. f3 d5 5. cxd5 Nxd5 6. e4 Nxc3 7. bxc3 e6 8. Bb5+ Nd7 9. Ne2 a6 10. Bd3 c5 11. O-O Be7 12. Be3 O-O 13. a4 Qc7 14. Qd2 Rfd8 15. Rfd1 Rac8 16. Qb2 Qb8 17. Rac1 Qa8 18. Bb1 Bc6 19. Bc2 b5 20. axb5 Bxb5 21.
Ng3 Nb6 22. Bb3 Nc4 23. Bxc4 Bxc4 24. dxc5 Rxd1+ 25. Rxd1 a5 26. Nh5 Bf8 27. Bd4 Rd8 28. Ra1 a4 29. Qf2 f6 30. Qg3 Kh8 31. Nxf6 Rxd4 32.
cxd4 gxf6 33. Qe1 Bb3 34. Qb4 Qc8 35. Rc1 Qd8 36. h3 f5 37. Kh1 fxe4 38. fxe4 Bh6 39.
Rf1 Bf8 40. Qc3 Bg7 41. c6 Qc7 42. Qc5 h6 43. d5 exd5 44. exd5 Qg3 45. c7 1-0

[Event "Late-Titled-Tuesday-Blitz-January-16-2024"]
[Site "Chess.com"]
[Date "2024.01.16"]
[Round "7"]
[White "Ekko_li"]
[Black "Beca95"]
[Result "0-1"]
[WhiteElo "2704"]
[BlackElo "2949"]
[TimeControl "180+1"]
[EndTime "15:17:40 PST"]
[Termination "Beca95 won by resignation"]

1. e4 e5 2. Nf3 Nc6 3. Bc4 Nf6 4.
d3 h6 5. Nc3 Bc5 6. Be3 Bb6 7.
a4 d6 8. h3 Be6 9. Bb5 Ba5 10.
O-O Bxc3 11. bxc3 O-O 12. a5 Ne7 13. a6 b6 14. c4 c5 15. Nd2 g5 16. c3 Rc8 17. d4 Ng6 18. Re1 Rc7 19. Qf3 Nh4 20. Qg3 Nh5 21. Qh2 Nf4 22. Bxf4 gxf4 23. g3 Ng6 24. Kh1 Qf6 25. Rg1 Kh7 26. Raf1 Rg8 27. d5 Bc8 28. Nf3 Re7 29. Ne1 f3 30. g4 Nh4 31. Nd3 h5 32. g5 Rxg5 33. Rxg5 Qxg5 34. Qg3 f6 35. Rg1 Rg7 36. Qxg5 fxg5 37. Rg3 g4 38. Kh2 Kg6 39. Be8+ Kg5 40. Bb5 Ng6 41.
Rg1 Nf4 42. Ne1 Nxh3 43. Nxf3+ Kf4 44. Rg3 Nxf2 45. Ba4 Nxe4 0-1

[Event "Late-Titled-Tuesday-Blitz-January-16-2024"]
[Site "Chess.com"]
[Date "2024.01.16"]
[Round "7"]
[White "shirovin"]
[Black "gxbg2000"]
[Result "1-0"]
[WhiteElo "2002"]
[BlackElo "2059"]
[TimeControl "180+1"]
[EndTime "15:17:41 PST"]
[Termination "shirovin won by resignation"]

1. e4 e5 2. Nf3 Nc6 3. Bc4 Nf6 4. d3 Be7 5. O-O O-O 6. c3 d6 7. a3 a6 8. b4 Bg4 9. Nbd2 Bh5 10. Re1 Qd7 11.
h3 h6 12. Nf1 Bg6 13. Ng3 Nd8 14. Nh4 Bh7 15. Nhf5 Ne6 16. Qf3 c6 17. Nh5 Nxh5 18.
Qxh5 Nf4 19. Bxf4 exf4 20. Qg4 Bxf5 21. exf5 Bf6 22. Rac1 Rfe8 23. d4 d5 24. Bd3 Rxe1+ 25. Rxe1 Re8 26. Rxe8+ Qxe8 27. Qxf4 Qe1+ 28. Bf1 Qxc3 29.
Qb8+ Kh7 30. Qxb7 Bxd4 31. Qxf7 Qb2 32. Qg6+ Kg8 33. Qe8+ Kh7 34. Qg6+ Kg8 35. Qe8+ Kh7 36. Qe2 Qxe2 37. Bxe2 Bb2 38. Bxa6 Bxa3 39. Bb7 Bxb4 40. Bxc6 d4 41. Be4 Kg8 42. Kf1 Kf7 43. Ke2 Kf6 44. Kd3 Ke5 45. g3 Be1 46. f4+ Kf6 47. g4 Bf2 48. Bd5 h5 49. Ke4 hxg4 50. hxg4 g5 51. Bc4 gxf4 52. Kxf4 Be3+ 53. Kf3 Ke5 54. Bd3 Bg5 55. Kg3 Bf6 56. Kf3 Bg5 57. Kg3 Bf6 58.
Kf3 Bh4 59. Be4 Be1 60. g5 Bh4 61. g6 Bf6 62. Bd3 Bg7 63. Kg4 Kf6 64. Kf4 Ke7 65.
Kg5 Bf6+ 66. Kh6 Kf8 67. Bc4 Be5 68. Kh7 Bf6 69. Bd3 Be5 70. Kh6 Bf6 71. Kh5 Kg7 72.
Kg4 Kh6 73. Kf4 Kg7 74. Ke4 Kh6 75.
Kd5 Kg5 76. Ke6 Bg7 77. Kf7 Be5 78. g7 Bxg7 79. Kxg7 Kf4 80. f6 Ke3 81. Bg6 1-0

[Event "Late-Titled-Tuesday-Blitz-January-16-2024"]
[Site "Chess.com"]
[Date "2024.01.16"]
[Round "7"]
[White "ZuraTqebuchava"]
[Black "th3d4rkness"]
[Result "0-1"]
[WhiteElo "2125"]
[BlackElo "2109"]
[TimeControl "180+1"]
[EndTime "15:17:42 PST"]
[Termination "th3d4rkness won on time"]

1. e4 c5 2. Nf3 Nc6 3. Bb5 e6 4. Bxc6 bxc6 5. O-O Ne7 6. d3 Ng6 7. c3 Be7 8. d4 cxd4 9. cxd4 d5 10. Nc3 O-O 11. Qe2 Bb7 12. Re1 c5 13. exd5 Bxd5 14.
Nxd5 Qxd5 15. Be3 cxd4 16. Nxd4 Bf6 17. Nf3 Qb7 18. Rab1 Rfd8 19. b3 h6 20. h3 Ne7 21.
Red1 Nd5 22. Bd2 Rac8 23. Qe4 Qa6 24. a4 Qb6 25. a5 Qb5 26. Be1 a6 27. b4 Rc4 28.
Qe2 Rdc8 29. Nd2 Nc3 30. Qf1 Nxb1 31. Nxc4 Rxc4 32. Rxb1 Bd4 33. Qd3 e5 34. Rd1 g6 35.
Qe4 Kg7 36. Qd3 f5 37. Kh1 Qc6 38. Qb3 Kf6 39. b5 Qxb5 40. Qa3 Bc5 41. Qa1 Bd4 42. Qa3 Rc6 43. Qf8+ Kg5 44. Qe7+ Kh5 45. g4+ fxg4 46. hxg4+ Kxg4 47. Qd7+ Kf3 0-1

[Event "Late-Titled-Tuesday-Blitz-January-16-2024"]
[Site "Chess.com"]
[Date "2024.01.16"]
[Round "7"]
[White "Harsha_Bharathakoti"]
[Black "KNVB"]
[Result "0-1"]
[WhiteElo "2922"]
[BlackElo "2712"]
[TimeControl "180+1"]
[EndTime "15:17:43 PST"]
[Termination "KNVB won by resignation"]

1. e4 b6 2. d4 Bb7 3. Bd3 e6 4. Nf3 d5 5. e5 Ba6 6. Bxa6 Nxa6 7. Qd3 Nb4 8. Qe2 c5 9. c3 Nc6 10. O-O Qd7 11. Bg5 h6 12. Bh4 Nge7 13. g4 h5 14. h3 hxg4 15. hxg4 cxd4 16. cxd4 Nxd4 17. Nxd4 Rxh4 18.
Nc3 Nc6 19. Nxc6 Qxc6 20. Rac1 Qc4 21. Qxc4 dxc4 22. f3 Bc5+ 23. Kg2 Be3 24. Rce1 Bd2 25. Re4 Bxc3 26. bxc3 Rc8 27. Rd1 Ke7 28. Rdd4 Rch8 29.
Kf2 Rh2+ 30. Ke3 Rxa2 31. Rxc4 Rd8 32. Rc6 g5 33. Rc7+ Rd7 34. Rc8 Ra3 35. Rec4 Ra5 36. Ke4 Ra1 37. f4 Re1+ 38. Kf3 Rf1+ 39. Ke3 gxf4+ 40. Rxf4 Re1+ 41. Kf3 Rxe5 42. Rfc4 Red5 43. Kf4 Rd1 44. Ke4 Kf6 45. Kf4 Rf1+ 46. Ke3 Rg1 47. Rf4+ Kg7 48. Ra4 Rg3+ 49. Kf4 Rgd3 50. Rac4 b5 51.
Rb4 a6 52. Rc6 R3d6 53. Rc5 Rd5 54. Rc6 R5d6 55. Rc5 Rd3 56. Rc6 R7d6 57. Rc7 Kf6 58. Rb1 Rd2 59. Ke3 Rg2 60. Rf1+ Ke5 61. Kf3 Rgd2 62. Kg3 R6d3+ 63. Kh4 f5 64. Re1+ Kd6 65. Ra7 Rh2+ 66. Kg5 fxg4 67. Rxa6+ Kc5 68. Re5+ Rd5 69. Rxe6 g3 70. Kf4 g2 71. Rxd5+ Kxd5 72. Rh6 Rxh6 0-1

[Event "Late-Titled-Tuesday-Blitz-January-16-2024"]
[Site "Chess.com"]
[Date "2024.01.16"]
[Round "7"]
[White "varunkrishnanchess"]
[Black "GiorgianBarbosa"]
[Result "1-0"]
[WhiteElo "2633"]
[BlackElo "2474"]
[TimeControl "180+1"]
[EndTime "15:17:44 PST"]
[Termination "varunkrishnanchess won by checkmate"]

1. d4 Nf6 2. c4 e6 3. Nf3 d5 4.
cxd5 exd5 5. Nc3 Be7 6. Bg5 O-O 7. e3 c6 8. Bd3 Re8 9. O-O Nbd7 10. Rb1 a5 11. a3 h6 12. Bh4 Bd6 13. Qc2 Qe7 14.
Rfc1 Qe6 15. Bf5 Qe7 16. Ne2 Nf8 17. Bd3 Bg4 18. Bg3 Bxg3 19. hxg3 Bxf3 20. gxf3 Ne6 21. b4 axb4 22. axb4 Ng5 23. Kg2 Qe6 24. Nf4 Qd6 25. b5 Rac8 26. bxc6 bxc6 27. Rb6 Ne6 28. Rxc6 Nxf4+ 29. gxf4 Rxc6 30. Qxc6 Qa3 31. Rc3 Qb2 32.
Bc2 Re6 33. Qc8+ Re8 34. Qc7 g6 35. Rb3 Qa2 36. Rb6 Kg7 37. Rb7 Rf8 38. Bb3 Qa1 39.
Rb6 Ng8 40. Bxd5 h5 41. Qe5+ Kh7 42. Rb7 Nh6 43. Qe7 Kg7 44. Rb6 Nf5 45. Qf6+ Kh6 46. Bxf7 Rxf7 47. Qxg6# 1-0

[Event "Late-Titled-Tuesday-Blitz-January-16-2024"]
[Site "Chess.com"]
[Date "2024.01.16"]
[Round "7"]
[White "NikolaGry"]
[Black "Antipov_Mikhail_Al"]
[Result "0-1"]
[WhiteElo "2747"]
[BlackElo "2920"]
[TimeControl "180+1"]
[EndTime "15:17:46 PST"]
[Termination "Antipov_Mikhail_Al won by resignation"]

1. d4 Nf6 2. Bg5 Nc6 3. Nf3 Ne4 4. Bf4 d5 5. Nbd2 Bf5 6. a3 f6 7. h3 g5 8. Bh2 h5 9. e3 a6 10. Nxe4 Bxe4 11. Bd3 Bxd3 12. Qxd3 Kf7 13. O-O-O e6 14. e4 Rc8 15. Rhe1 b5 16. e5 f5 17. Qc3 Nb8 18.
h4 gxh4 19. Bf4 Be7 20. Qe3 Rg8 21. g3 hxg3 22. fxg3 c5 23. Rh1 cxd4 24. Qe2 Nc6 25. Rxh5 Rh8 26. Rdh1 Rxh5 27. Rxh5 Qg8 28. Qh2 Qg4 29.
Rh7+ Ke8 30. Ng5 Bxg5 31. Rh8+ Kd7 32. Qh7+ Ne7 33. Rxc8 Kxc8 34. Kb1 Kd7 35. Qh8 Bxf4 36. gxf4 Qg8 37. Qh2 Qc8 38. Qh7 Qc4 39. Qh8 d3 40.
cxd3 Qxd3+ 41. Ka1 Qf1+ 42. Ka2 Qxf4 43. Qa8 Qc4+ 44.
Ka1 Qc6 45. Qf8 d4 0-1

[Event "Late-Titled-Tuesday-Blitz-January-16-2024"]
[Site "Chess.com"]
[Date "2024.01.16"]
[Round "7"]
[White "Jagerrmeisterr"]
[Black "sergoy"]
[Result "1-0"]
[WhiteElo "2725"]
[BlackElo "2984"]
[TimeControl "180+1"]
[EndTime "15:17:46 PST"]
[Termination "Jagerrmeisterr won by checkmate"]

1. e4 c5 2. Nc3 d6 3. f4 e6 4. Nf3 Nf6 5. g3 a6 6. Bg2 b5 7. d3 Bb7 8. O-O Nbd7 9. Qe1 Be7 10. h3 c4 11. g4 cxd3 12. cxd3 Nc5 13. Qe2 b4 14. Nd1 a5 15. Nf2 O-O 16. Be3 Nfd7 17. Rac1 Ba6 18. g5 Rc8 19. h4 a4 20. h5 Re8 21. Qd2 Rb8 22. Rfd1 Bb7 23. Nh2 d5 24.
g6 hxg6 25. hxg6 fxg6 26. Nhg4 Rc8 27. Bd4 Bf8 28. Qe3 Qh4 29. Ne5 Nxe5 30. fxe5 Nd7 31. Rxc8 Rxc8 32. Bh3 Re8 33. Rc1 Qd8 34. Qg3 g5 35. exd5 Bxd5 36. Bg4 Nb8 37. Bh5 Nc6 38. Be3 Be7 39. Bg6 g4 40. Nxg4 Bh4 41. Nf6+ Qxf6 42.
exf6 Bxg3 43. f7+ Kf8 44. fxe8=Q# 1-0

[Event "Late-Titled-Tuesday-Blitz-January-16-2024"]
[Site "Chess.com"]
[Date "2024.01.16"]
[Round "7"]
[White "Bryanl106"]
[Black "Redzishchess"]
[Result "0-1"]
[WhiteElo "2583"]
[BlackElo "2475"]
[TimeControl "180+1"]
[EndTime "15:17:46 PST"]
[Termination "Redzishchess won by checkmate"]

1. e4 c5 2. Nf3 d6 3. d4 cxd4 4.
Nxd4 Nf6 5. Nc3 g6 6. Be3 Bg7 7. f3 O-O 8. Qd2 Nc6 9. O-O-O d5 10. Qe1 e5 11. Nxc6 bxc6 12. exd5 Nxd5 13. Bc4 Be6 14.
Kb1 Qd7 15. Ne4 Rfd8 16. Bg5 Rab8 17. Nf6+ Bxf6 18. Bxf6 Nc3+ 19. Kc1 Nxd1 20. Bb3 Bxb3 21. axb3 Qf5 22. Bxd8 Rxd8 23. Qh4 g5 24. Qe1 Qf4+ 25. Kb1 Qd2 26. Qxd2 Rxd2 27. Kc1 Rxg2 28. Kxd1 Rf2 29. Rg1 f6 30. h4 h6 31. hxg5 hxg5 32. Rg4 Rxf3 33.
Ra4 f5 34. Ke2 g4 35. Rxa7 f4 36. Rc7 Re3+ 37. Kf2 g3+ 38. Kg2 Re2+ 39. Kg1 f3 40.
Rc8+ Kf7 41. Rc7+ Ke8 42. Rg7 Re1# 0-1

[Event "Late-Titled-Tuesday-Blitz-January-16-2024"]
[Site "Chess.com"]
[Date "2024.01.16"]
[Round "7"]
[White "bescmelasti"]
[Black "Zhigalko_Sergei"]
[Result "0-1"]
[WhiteElo "2686"]
[BlackElo "2979"]
[TimeControl "180+1"]
[EndTime "15:17:50 PST"]
[Termination "Zhigalko_Sergei won on time"]

1. e4 c5 2. Nf3 Nc6 3. Bb5 Nf6 4. Nc3 Qc7 5. Bxc6 dxc6 6. d3 Bg4 7. h3 Bh5 8. Be3 Nd7 9. g4 Bg6 10. Nh4 e6 11.
Qe2 Be7 12. Nxg6 hxg6 13. O-O-O g5 14. Kb1 e5 15. Qd2 Qd8 16. Ne2 Nf8 17. Qc3 Qd6 18. Ng3 g6 19. Qb3 b5 20. c3 Ne6 21. Ne2 Bf6 22.
Qa3 a5 23. d4 exd4 24. cxd4 b4 25. Qd3 cxd4 26. Nxd4 Rd8 27. e5 Qxe5 28. Rhe1 O-O 29. Qc2 Rxd4 30. Bxd4 Nxd4 31. Rxe5 Nxc2 32. Re4 b3 33.
axb3 Nb4 34. f4 gxf4 35. Rxf4 Kg7 36. Rd7 Re8 37. Rf1 g5 38. Rd2 Re3 39. Rdf2 Nd5 0-1

[Event "Late-Titled-Tuesday-Blitz-January-16-2024"]
[Site "Chess.com"]
[Date "2024.01.16"]
[Round "7"]
[White "argentum049"]
[Black "ChessSwole"]
[Result "0-1"]
[WhiteElo "2491"]
[BlackElo "2657"]
[TimeControl "180+1"]
[EndTime "15:17:54 PST"]
[Termination "ChessSwole won on time"]

1. e4 c5 2. Nf3 Nc6 3. d4 cxd4 4. Nxd4 Nf6 5. Nc3 e5 6. Ndb5 d6 7. a4 a6 8. Na3 Be6 9. Bc4 Rc8 10. Bg5 Be7 11.
Bxf6 Bxf6 12. Bd5 O-O 13. Nc4 Nd4 14. Ne3 Bg5 15. O-O Qb6 16. Rb1 Rc5 17. Qd3 Rfc8 18. g3 Bh3 19. Ng2 Qc7 20. f4 Bf6 21. Rf2 b5 22. axb5 axb5 23. fxe5 dxe5 24. Ne3 b4 25. Na4 Ra5 26. b3 Qd8 27. Nc4 Ra7 28. Qd2 Bg5 29.
Qxb4 Rb8 30. Qc3 Rc7 31. Ra1 Bf6 32. Qe1 h5 33. Nc3 h4 34. Nd1 Bg4 35. Nde3 Bh5 36. g4 Bg6 37. h3 Bg5 38. Qf1 Bf4 39. Rxf4 exf4 40. Kg2 fxe3 41. Nxe3 Nxc2 42. Nxc2 Rxc2+ 43. Kh1 Kh7 44. Qd1 Rc3 0-1

[Event "Late-Titled-Tuesday-Blitz-January-16-2024"]
[Site "Chess.com"]
[Date "2024.01.16"]
[Round "7"]
[White "sjoerd893"]
[Black "M1711"]
[Result "0-1"]
[WhiteElo "2496"]
[BlackElo "2659"]
[TimeControl "180+1"]
[EndTime "15:17:55 PST"]
[Termination "M1711 won on time"]

1. e4 Nc6 2. Nf3 e5 3. Bc4 Nf6 4. d3 d5 5. exd5 Nxd5 6. O-O Nb6 7. Bb3 Bd6 8. Re1 O-O 9. Nc3 Bg4 10. h3 Bh5 11. Ne4 Nd4 12. g4 Bg6 13. Nxd4 exd4 14. Nxd6 Qxd6 15. f4 Kh8 16. Qf3 f5 17. Bd2 c6 18.
Re6 Qd8 19. Ba5 Bf7 20. Re5 Bxb3 21. axb3 fxg4 22. hxg4 Qf6 23. Rf5 Qd6 24. Bxb6 axb6 25. Rxf8+ Rxf8 26. Re1 Kg8 27. Re4 h6 28. Kg2 b5 29.
Qf2 c5 30. Qg3 Qd5 31. f5 c4 32. bxc4 bxc4 33. Qe5 Qxe5 34. Rxe5 cxd3 35. cxd3 Rc8 36. Rb5 Rc2+ 37. Kf3 Rd2 38. Ke4 Rg2 39. Kxd4 Rxg4+ 40.
Ke5 h5 41. d4 h4 42. Ra5 Rg2 43. d5 Re2+ 44. Kf4 Rxb2 45. d6 Rd2 46. Ke5 h3 47.
Ra8+ Kf7 48. Ra3 h2 49. Rh3 Ke8 50. Ke6 Re2+ 51. Kd5 Kd7 52. Rh7 Rd2+ 53. Ke5 Kc6 0-1

[Event "Late-Titled-Tuesday-Blitz-January-16-2024"]
[Site "Chess.com"]
[Date "2024.01.16"]
[Round "7"]
[White "ccccvhhhj"]
[Black "SilencerBaba"]
[Result "1-0"]
[WhiteElo "2509"]
[BlackElo "2310"]
[TimeControl "180+1"]
[EndTime "15:17:57 PST"]
[Termination "ccccvhhhj won on time"]

1. e4 c5 2. Nf3 e6 3. b4 cxb4 4. a3 Nf6 5. e5 Nd5 6. axb4 Bxb4 7. c3 Be7 8. d4 d6 9. Bd3 Nd7 10. O-O dxe5 11. dxe5 Qc7 12. Re1 Nxc3 13. Nxc3 Qxc3 14. Rb1 O-O 15. Re3 Qc7 16. h4 Rd8 17. Qe2 b6 18.
Ng5 Nf8 19. Rg3 Bb7 20. Bf4 Rd4 21. Qg4 g6 22. h5 Rad8 23. hxg6 hxg6 24. Nxf7 Rxd3 25.
Nh6+ Kg7 26. Be3 Qxe5 27. Bf4 Qe4 28. Rc1 R3d4 29. Rc7 Rd1+ 30. Kh2 R8d7 31. Rxd7 Rxd7 32. f3 Qd5 33. Qh3 e5 34. Ng4 Qg8 35. Qh6+ Kf7 36. Nxe5+ Ke8 37. Nxd7 Kxd7 38. Qh3+ Qe6 39. Qh4 Qf5 40.
Bg5 Bd6 41. f4 Qe4 42. Bf6 1-0

[Event "Late-Titled-Tuesday-Blitz-January-16-2024"]
[Site "Chess.com"]
[Date "2024.01.16"]
[Round "7"]
[White "Bastiandash"]
[Black "kai_nov"]
[Result "0-1"]
[WhiteElo "2510"]
[BlackElo "2289"]
[TimeControl "180+1"]
[EndTime "15:17:58 PST"]
[Termination "kai_nov won on time"]

1. e4 c5 2. b3 Nc6 3. Bb2 d6 4. Bb5 Bd7 5. f4 Nf6 6. Bxc6 Bxc6 7. d3 g6 8. Nf3 Bg7 9. O-O O-O 10. Kh1 e6 11. Qe1 Nh5 12. Bxg7 Kxg7 13. f5 exf5 14. exf5 Re8 15. Qf2 Qf6 16. Nbd2 Qxf5 17. Qh4 Qf4 18. Qh3 Re2 19. Rad1 Rae8 20. a4 f5 21. Qh4 Qg4 22.
Qxg4 fxg4 23. Nh4 g5 24. Nf5+ Kg6 25. Ne4 Nf4 26. Nfxd6 Re6 27. Nc4 R6xe4 28. dxe4 Bxe4 29. Rxf4 gxf4 30. Kg1 Rxg2+ 31. Kf1 Rxh2 32. Rd7 g3 33. Ne5+ Kf5 34. Nd3 Bf3 35. Ke1 Re2+ 36. Kf1 Rxc2 37. Rf7+ Kg5 38. Ne1 Rf2+ 39. Kg1 Bg4 40. Rg7+ Kf5 41.
Rxh7 f3 0-1

[Event "Late-Titled-Tuesday-Blitz-January-16-2024"]
[Site "Chess.com"]
[Date "2024.01.16"]
[Round "7"]
[White "pooh2012"]
[Black "GMAkobianSTL"]
[Result "0-1"]
[WhiteElo "2542"]
[BlackElo "2709"]
[TimeControl "180+1"]
[EndTime "15:17:59 PST"]
[Termination "GMAkobianSTL won by resignation"]

1. Nf3 d5 2. g3 c5 3. c4 Nc6 4.
cxd5 Qxd5 5. Nc3 Qd8 6. Bg2 Nf6 7. d3 e6 8. O-O Be7 9. Be3 O-O 10. Rc1 Rb8 11.
Bf4 Bd6 12. Bg5 b6 13. Nd2 Bb7 14. Qa4 Rc8 15. Bxf6 Qxf6 16. Nde4 Qd8 17. Nxd6 Qxd6 18. Nb5 Qb8 19. Qf4 Rfd8 20. Qxb8 Rxb8 21. Rfd1 a6 22. Nc3 Nd4 23. Bxb7 Rxb7 24. e3 Nb5 25. Nxb5 axb5 26. d4 Rbd7 27. Kf1 g6 28. Ke2 cxd4 29. Rxd4 Rxd4 30. exd4 Rxd4 31. Rc6 Kg7 32. Rxb6 Rd5 33. b3 h5 34. a4 bxa4 35. bxa4 Rd4 36. a5 Ra4 37. a6 g5 38. Ke3 Kg6 39. h3 Ra3+ 40. Ke2 h4 41. gxh4 gxh4 42. Rb4 Kh5 43. Rb6 Kg5 44. Rb5+ f5 45. Rb6 Kf6 46. Kd2 Rxh3 47.
a7 Ra3 48. Rb7 h3 49. Rh7 Kg6 50. Rxh3 Rxa7 51. Rc3 f4 52. Ke2 Kf5 53. f3 Ra2+ 54. Kd3 e5 55. Rc8 Rf2 56. Rf8+ Ke6 57. Ke4 Re2+ 58.
Kd3 Re3+ 59. Kd2 Rxf3 0-1

[Event "Late-Titled-Tuesday-Blitz-January-16-2024"]
[Site "Chess.com"]
[Date "2024.01.16"]
[Round "7"]
[White "FredddieCroderg"]
[Black "Statham_01"]
[Result "1-0"]
[WhiteElo "2376"]
[BlackElo "2525"]
[TimeControl "180+1"]
[EndTime "15:18:00 PST"]
[Termination "FredddieCroderg won by checkmate"]

1. e4 a6 2. d4 b5 3. Bd3 Bb7 4. Qe2 e6 5. f4 d5 6. e5 Nd7 7.
c3 c5 8. Nf3 Nh6 9. O-O g6 10.
Ng5 cxd4 11. cxd4 Nf5 12. Bxf5 gxf5 13. Qh5 Qe7 14. a4 b4 15. Nd2 O-O-O 16. Nb3 f6 17. exf6 Nxf6 18. Qe2 Ne4 19. Nxe4 dxe4 20. Nc5 Bg7 21.
Be3 Bxd4 22. Bxd4 Rxd4 23. Rfc1 Kb8 24. Nxa6+ Bxa6 25. Qxa6 Qa7 26. Qb5+ Ka8 27. Rc5 Rd6 28. Kh1 Rhd8 29. h3 Qb6 30. Qc4 Rd4 31. Rc8+ Ka7 32. a5 Rd1+ 33. Rxd1 Rxd1+ 34. Kh2 Qg1+ 35. Kg3 Qe1+ 36.
Kh2 Qg1+ 37. Kg3 Rd3+ 38. Kh4 Qf2+ 39. Kh5 Qe2+ 40. Kh6 Rd7 41. Qc5+ Kb7 42. Rg8 Qd3 43. Qb6# 1-0

[Event "Late-Titled-Tuesday-Blitz-January-16-2024"]
[Site "Chess.com"]
[Date "2024.01.16"]
[Round "7"]
[White "Eloist"]
[Black "HajiyevKanan"]
[Result "1-0"]
[WhiteElo "2444"]
[BlackElo "2553"]
[TimeControl "180+1"]
[EndTime "15:18:00 PST"]
[Termination "Eloist won on time"]

1. e4 c6 2. Nf3 d5 3. d3 a6 4. Be2 g6 5. O-O Bg7 6. e5 c5 7. c3 Nc6 8. d4 Bg4 9. Nbd2 cxd4 10.
cxd4 e6 11. h3 Bxf3 12. Nxf3 Nge7 13. Bg5 Qb6 14. Qd2 O-O 15. b4 Nf5 16. Rfd1 h6 17. Bf6 Qxb4 18. Qxb4 Nxb4 19. g4 Bxf6 20. gxf5 Bd8 21.
f6 b5 22. a4 bxa4 23. Rxa4 a5 24. h4 Rc8 25. h5 gxh5 26. Nh4 Bb6 27. Ra3 Kh7 28. Bxh5 Rc4 29. Rg3 Rg8 30. Rxg8 Kxg8 31. Nf3 a4 32. Kh2 Rc7 33. Rg1+ Kh8 34. Rb1 Ba5 35. Ra1 Rc2 36. Rxa4 Rxf2+ 37. Kg3 Ra2 38. Rxa2 Nxa2 39. Bxf7 Bc3 40. Bxe6 Nb4 41. Kf4 Nd3+ 42.
Ke3 Nb4 43. Bf7 Kh7 44. e6 Nc6 45. e7 Nxe7 46. fxe7 Kg7 47. e8=Q 1-0

[Event "Late-Titled-Tuesday-Blitz-January-16-2024"]
[Site "Chess.com"]
[Date "2024.01.16"]
[Round "7"]
[White "PawnEatingZombie"]
[Black "Hui_Li_Macau"]
[Result "0-1"]
[WhiteElo "2163"]
[BlackElo "2317"]
[TimeControl "180+1"]
[EndTime "15:18:00 PST"]
[Termination "Hui_Li_Macau won on time"]

1. e4 e5 2. Nf3 Nf6 3. Nc3 Nc6 4.
Bb5 Bb4 5. O-O O-O 6. Bxc6 dxc6 7.
d3 Bg4 8. h3 Bh5 9. Kh1 Bd6 10.
Rg1 Bxf3 11. Qxf3 Nd7 12. Ne2 Nc5 13. g4 Ne6 14. Be3 Qe7 15. Rad1 Rad8 16. c3 c5 17. Ng3 g6 18. Ne2 Rfe8 19. Qg3 Qf6 20. g5 Qg7 21. h4 Qf8 22. Rgf1 Ng7 23. Qg4 Nh5 24. f4 exf4 25. Nxf4 Bxf4 26. Bxf4 Qe7 27. Kh2 c6 28.
Rf3 Qe6 29. Qg2 Qxa2 30. Bc1 Qe6 31. Rdf1 Rd7 32. Qh3 Qxh3+ 33. Kxh3 a6 34. b3 Red8 35.
Rd1 Re8 36. Re1 b6 37. Ba3 a5 38. Kg4 Red8 39. Ree3 Ng7 40. Rf6 Ne6 41. Rff3 b5 42. Bb2 a4 43. bxa4 bxa4 44. Ba3 Rb7 0-1

[Event "Late-Titled-Tuesday-Blitz-January-16-2024"]
[Site "Chess.com"]
[Date "2024.01.16"]
[Round "7"]
[White "Sebastian"]
[Black "Makswolf200817"]
[Result "1-0"]
[WhiteElo "2992"]
[BlackElo "2753"]
[TimeControl "180+1"]
[EndTime "15:18:02 PST"]
[Termination "Sebastian won on time"]

1. e4 e6 2. d4 d5 3. Nc3 Bb4 4. e5 c5 5. a3 Bxc3+ 6. bxc3 Qa5 7. Bd2 Qa4 8. Qg4 Kf8 9. h4 Nc6 10. h5 h6 11. Qd1 Nge7 12. Nf3 b6 13. Rh4 c4 14. Rf4 Ke8 15. g3 Bd7 16. Nh4 Nf5 17.
Ng2 g5 18. Rf3 Rh7 19. Ne3 Nxe3 20. Bxe3 Kd8 21. g4 Kc7 22. Rg3 Rf8 23. f4 gxf4 24. Bxf4 Kb7 25. Qd2 f5 26. Bxh6 Rg8 27. Be2 Be8 28. Bg5 fxg4 29. h6 Bh5 30. Kf2 Ne7 31. Bxe7 Rxe7 32. Rh1 Bg6 33. Rxg4 Rf8+ 34. Kg3 Bxc2 35.
Rf1 Rxf1 36. Bxf1 Bf5 37. Rg7 Qxa3 38. Bh3 Be4 39. Bxe6 Ka6 40. Rxe7 Qxe7 41. Bg4 Kb5 42. Qf4 a5 43. Bf5 Bxf5 44. Qxf5 a4 45. h7 Qe8 46. Qf6 a3 47. h8=Q 1-0

[Event "Late-Titled-Tuesday-Blitz-January-16-2024"]
[Site "Chess.com"]
[Date "2024.01.16"]
[Round "7"]
[White "LUISMIGUELOV"]
[Black "IranianCheetah"]
[Result "1-0"]
[WhiteElo "2184"]
[BlackElo "2356"]
[TimeControl "180+1"]
[EndTime "15:18:03 PST"]
[Termination "LUISMIGUELOV won on time"]

1. e4 e5 2. Nf3 Nc6 3. Bc4 Bc5 4. c3 Nf6 5. d3 a6 6. b4 Bb6 7. Bg5 h6 8. Bh4 g5 9. Bg3 d6 10. a4 Be6 11. Nbd2 Qe7 12. b5 Nb8 13. a5 Bc5 14.
O-O axb5 15. Bxb5+ c6 16. Bc4 Bg4 17. h3 Bh5 18.
Qb3 g4 19. hxg4 Nxg4 20. d4 Ba7 21. a6 b5 22. Be2 Nd7 23. Nh4 exd4 24. Nf5 Qf6 25.
Nxd6+ Kf8 26. Bxg4 Bxg4 27. e5 Qe6 28. Qxe6 Bxe6 29.
cxd4 Bxd4 30. Nf3 Bxa1 31. Rxa1 Nb6 32. a7 Na4 33. Bh4 Rxa7 34. Bf6 Rg8 35. g3 Rg4 36.
Rd1 Rd7 37. Nd4 Kg8 38. Nxc6 Kh7 39. Nd4 b4 40. Nxe6 fxe6 41. Rb1 Rc4 42. Nxc4 Rb7 43. Rb3 Nc5 44. Rb2 Nd3 45. Rd2 Nc5 46. Nb2 b3 47. f4 Kg6 48. Kf2 Kf5 49. Kf3 h5 50.
Rh2 Kg6 51. g4 hxg4+ 52. Kxg4 Ra7 53. Nc4 1-0